 Dungeon Crawl Stone Soup version 0.17-a0-1617-gfba1302 (webtiles) character file.

65 thrall606 the Conjurer (level 3, -1/24 HPs)
             Began as a Demonspawn Conjurer on Aug 1, 2015.
             Slain by an orc wizard
             ... wielding a +0 dagger
              (3 damage)
             ... on level 3 of the Dungeon.
             The game lasted 00:15:40 (2811 turns).

thrall606 the Conjurer (Demonspawn Conjurer)        Turns: 2811, Time: 00:15:41

Health: -1/24      AC:  4    Str:  8    XL:     3   Next: 92%
Magic:  1/6        EV: 12    Int: 17    God:
Gold:   122        SH:  0    Dex: 13    Spells: 3 memorised, 0 levels left

rFire  . . .     SeeInvis .     g - +2 whip (elec)
rCold  + . .     Clarity  .     n - +1 robe
rNeg   . . .     SustAt   .     (no shield)
rPois  .         Gourm    .     (no helmet)
rElec  .         Spirit   .     (no cloak)
rCorr  .         Warding  .     e - +0 pair of gloves
rMut   .         Stasis   .     (no boots)
MR     .....                    (no amulet)
Stlth  ++........               (no ring)
                                (no ring)

@: not resistant to hostile enchantments, unstealthy
A: blurry vision 1, breathe flames 2, cold resistance 1
a: Breathe Fire


You were on level 3 of the Dungeon.
You were not hungry.

You visited 1 branch of the dungeon, and saw 3 of its levels.

You collected 122 gold pieces.

Inventory:

Hand weapons
 d - a +0 club
 g - a +2 whip of electrocution (weapon)
 h - a +2 dagger of speed
 i - a +0 dagger
 j - a +0 spear
 l - a +0 hand axe
 p - a +0 dagger
 q - a +0 falchion
Armour
 a - a +0 robe
 e - a +0 pair of gloves (worn)
 n - a +1 robe (worn)
Jewellery
 m - a cursed amulet of faith
Scrolls
 f - 3 scrolls of remove curse
 o - a scroll of identify
Books
 b - a book of Conjurations

   Spells                             Type                      Level
   a - Magic Dart                     Conjuration                  1
   b - Searing Ray                    Conjuration                  2
   c - Dazzling Spray                 Conjuration/Hexes            3
   d - Fulminant Prism                Conjuration/Hexes            4
   e - Iskenderun's Mystic Blast      Conjuration                  4
   f - Iskenderun's Battlesphere      Conjuration/Charms           5
Comestibles
 c - 2 bread rations
 k - a chunk of flesh


   Skills:
 + Level 0.2 Fighting
 + Level 0.1 Maces & Flails
 + Level 2.3 Dodging
 + Level 2.1 Stealth
 + Level 2.3 Spellcasting
 + Level 4.8 Conjurations


You couldn't memorise any spells.
You knew the following spells:

 Your Spells              Type           Power        Failure   Level  Hunger
a - Magic Dart            Conj           ###.         2%          1    #......
b - Searing Ray           Conj           ###...       4%          2    ###....
c - Dazzling Spray        Conj/Hex       ##......     21%         3    ###....


Dungeon Overview and Level Annotations

Branches:
Dungeon (3/15)

Altars:
Dithmenos


Innate Abilities, Weirdness & Mutations

Your flesh is cold resistant.
Scrolls take you a little longer to read.
You can breathe fire.


Message History

You hit the orc wizard but do no damage.
The orc wizard is moderately wounded.
The orc wizard hits you but does no damage.
You miss the orc wizard.
The orc wizard is moderately wounded.
You have got your breath back.
The orc wizard points at you and mumbles some strange words.
The magic dart hits you!
* * * LOW HITPOINT WARNING * * *
The orc wizard closely misses you. The orc wizard hits you with a dagger.
* * * LOW HITPOINT WARNING * * *
Unknown command.
The orc wizard hits you with a dagger.
* * * LOW HITPOINT WARNING * * *
Found an escape hatch in the floor.
The orc wizard casts a spell at you. You resist with significant effort.
The orc wizard hits you with a dagger.
You die...

.. .. ..#> #. ....
.... ..... ..... ....
#..#.# ...# #
#...###..#.# ....# #.
........#.###....#
...##.
.......@......#
....)###...#..o######
#..##.......###.#
.......%<.......#
...#######.###### ###


You could see an orc wizard.

Vanquished Creatures
  2 adders (D:2)
  An ooze (D:1)
  A giant gecko (D:2)
  3 orcs (D:3)
  2 bats
  A giant cockroach (D:1)
  A goblin (D:1)
  A hobgoblin (D:1)
  12 jackals
  3 giant newts
  6 kobolds
  8 rats
41 creatures vanquished.

Notes
Turn   | Place    | Note
--------------------------------------------------------------
     0 | D:1      | thrall606 the Demonspawn Conjurer began the quest for the Orb.
     0 | D:1      | Reached XP level 1. HP: 13/13 MP: 3/3
   307 | D:1      | Gained mutation: You can breathe flames. [potion of mutation]
   307 | D:1      | Gained mutation: Scrolls take you a little longer to read. [potion of mutation]
   307 | D:1      | Gained mutation: You can breathe fire. [potion of mutation]
  1093 | D:1      | Gained mutation: Your flesh is cold resistant. [demonic ancestry]
  1093 | D:1      | Reached XP level 2. HP: 19/19 MP: 3/5
  1464 | D:2      | Found a shadowy altar of Dithmenos.
  1640 | D:2      | Reached XP level 3. HP: 24/24 MP: 3/6
  1790 | D:2      | Learned a level 2 spell: Searing Ray
  1794 | D:2      | Learned a level 3 spell: Dazzling Spray
  2808 | D:3      | HP: 1/24 [orc wizard/dagger (1)]
  2811 | D:3      | Slain by an orc wizard

Vault maps used:
D:1:      lemuel_arrival_hallway
D:2:      grunt_dithmenos_smoke_and_mirrors, serial_co_window_serial,
          co_window_paths_b, co_window_paths_a, co_window_paths_a,
          co_window_paths_b, co_window_paths_a, co_window_broadway_b,
          co_window_paths_c, co_window_of_opportunity_b, glass_columns_a
D:3:      kennysheep_six_static_rooms, led_sif_pool, nemelex_dance_club_becter

Action                   || total
-------------------------++-------
Melee: Unarmed           ||     8
       Whip              ||    54
 Cast: Magic Dart        ||    43
 Abil: Breathe Fire      ||     7
  Use: Potion            ||     3
       Scroll            ||     7
  Eat: Bread ration      ||     1
       Chunk             ||     3
